 Dungeon Crawl Stone Soup version 0.30.0-30-g96aa6591b8 (webtiles) character file.

Game seed: 13093368870167303227

221 Peloso the Covered (level 5, 0/30 (47) HPs)
             Began as a Minotaur Fighter on June 30, 2023.
             Slain by Edmund
             ... wielding a +3 flail of draining
              (1 damage)
             ... on level 4 of the Dungeon.
             The game lasted 00:06:08 (3032 turns).

Peloso the Covered (Minotaur Fighter)               Turns: 3032, Time: 00:06:08

HP:   0/30 (47)     AC: 14    Str: 21    XL:     5   Next: 65%
MP:   4/4           EV:  6    Int:  5    God:
Gold: 203           SH:  5    Dex: 11    Spells: 4/4 levels left

rFire   . . .        a - +0 long sword
rCold   . . .        d - +0 buckler
rNeg    . . .        r - +1 plate armour
rPois   .            (helmet restricted)
rElec   .            s - +0 cloak
rCorr   .            (no gloves)
SInv    .            (no boots)
Will    .....        (no amulet) Stlth
                     (no ring)
HPRegen 0.25/turn    (no ring)
MPRegen 0.09/turn

%: no passive effects
@: very heavily drained
A: horns 2, retaliatory headbutt
a: no special abilities


You were on level 4 of the Dungeon.
You visited 1 branch of the dungeon, and saw 4 of its levels.

You collected 203 gold pieces.

Inventory:

Hand Weapons
 a - a +0 long sword (weapon)
 c - the +2 short sword of the Queen {venom, Dex+3}
   (You found it on level 2 of the Dungeon)

   Dex:       It affects your dexterity (+3).
Armour
 b - a +0 scale mail
 d - a +0 buckler (worn)
 r - a +1 plate armour (worn)
 s - a +0 cloak (worn)
Wands
 k - a wand of charming (7)
 p - a wand of light (7)
Scrolls
 g - a scroll of amnesia
 h - 2 scrolls of identify
Potions
 e - 4 potions of curing
 f - a potion of lignification {unknown}
 i - 2 potions of brilliance
 j - a potion of heal wounds {unknown}
 l - 2 potions of might
 o - a potion of degeneration {unknown}
 q - a potion of magic {unknown}


   Skills:
 + Level 4.4 Fighting
 + Level 4.7 Long Blades
 + Level 5.0 Armour
 + Level 0.7 Dodging
 + Level 4.7 Shields


You had 4 spell levels left.
You didn't know any spells.
Your spell library contained the following spells:

 Spells                   Type           Power      Damage    Failure   Level
 Shock                    Conj/Air       0%         1d3       100%        1
 Swiftness                Air            0%         N/A       100%        3
 Vhi's Electric Charge    Tloc/Air       0%         N/A       100%        3
 Airstrike                Air            0%         2d(0-16)  100%        4
 Arcjolt                  Conj/Air       0%         1d10      100%        5
 Plasma Beam              Fire/Air       0%         2x1d11    100%        6


Dungeon Overview and Level Annotations

Branches:
Dungeon (4/15)
 Temple: D:4-7

Altars:
Cheibriados
Nemelex Xobeh
Zin

Annotations:
D:4 Edmund


Innate Abilities, Weirdness & Mutations

You have a pair of horns on your head.
You reflexively headbutt those who attack you in melee.


Message History

You slash Edmund!
Edmund is moderately wounded.
Edmund hits you with a +3 flail of draining.
You feel drained.
You barely miss Edmund.
Edmund is moderately wounded.
Edmund hits you with a +3 flail of draining.
You feel drained.
You closely miss Edmund.
Edmund is moderately wounded.
Edmund hits you with a +3 flail of draining!
You feel drained.
You hit Edmund but do no damage. You headbutt Edmund, but do no damage.
Edmund is moderately wounded.
Edmund hits you with a +3 flail of draining.
You feel drained.
Edmund hits you with a +3 flail of draining!
* * * LOW HITPOINT WARNING * * *
You feel drained.
* * * LOW HITPOINT WARNING * * *
You feel better. Edmund hits you but does no damage.
You feel drained.
You closely miss Edmund.
Edmund is moderately wounded.
Edmund hits you but does no damage.
You feel drained.
You closely miss Edmund. Your headbutt misses Edmund.
Edmund is moderately wounded.
Edmund hits you but does no damage.
You feel drained.
You hit Edmund but do no damage.
Edmund is moderately wounded.
Edmund hits you but does no damage.
You feel drained.
You hit Edmund but do no damage. You headbutt Edmund, but do no damage.
Edmund is moderately wounded.
Edmund hits you with a +3 flail of draining.
You feel drained.
You hit Edmund. You headbutt Edmund.
Edmund is moderately wounded.
Edmund hits you with a +3 flail of draining!
* * * LOW HITPOINT WARNING * * *
You feel drained.
You die...

#### .....
####################### .....
#.......#..>.....+..$.. .....
#.......#........#..... ....
#....@@.'........#..... ...
#+##+##..........##.... ####
#.....#.#.#.####..... ...#
..............'..... ...#
#####...#.#.#....#..... ...#
.................#..... ...#
###.....#.#.#.####.####
##.###+####'#####.........####...
.....#....#......#........#..#.##


You could see Edmund.

Vanquished Creatures
  An orc priest (D:4)
  Ijyb (D:3)
  An orc wizard (D:4)
  2 gnolls
  4 adders
  A worm (D:2)
  A dart slug (D:2)
  8 orcs
  7 ball pythons
  5 endoplasms
  A giant cockroach (D:1)
  6 goblins
  2 hobgoblins (D:1)
  15 jackals
  4 kobolds
  A quokka (D:3)
  5 bats
  5 frilled lizards
70 creatures vanquished.

Notes
Turn   | Place    | Note
-------+----------+-------------------------------------------
     0 | D:1      | Peloso the Minotaur Fighter began the quest for the Orb.
     0 | D:1      | Reached XP level 1. HP: 19/19 MP: 0/0
    37 | D:1      | Reached XP level 2. HP: 27/27 MP: 1/1
   383 | D:1      | Reached skill level 4 in Armour
   383 | D:1      | Reached XP level 3. HP: 28/33 MP: 2/2
   767 | D:2      | Found a snail-covered altar of Cheibriados.
   778 | D:2      | Identified the staff of poison "Kuargh" {Fragile rPois
                  | Str+2 Dex+2}
  1278 | D:2      | Identified the +2 short sword of the Queen {venom, Dex+3}
  1361 | D:2      | Reached XP level 4. HP: 31/40 MP: 3/3
  2258 | D:3      | Noticed Ijyb
  2266 | D:3      | Killed Ijyb
  2267 | D:3      | Reached XP level 5. HP: 31/47 MP: 4/4
  2512 | D:3      | Found a glowing silver altar of Zin.
  2617 | D:4      | Found a sparkling altar of Nemelex Xobeh.
  2704 | D:4      | Reached skill level 5 in Armour
  3018 | D:4      | Noticed Edmund
  3032 | D:4      | HP: 1/32 [Edmund/+3 flail of draining (14)]
  3032 | D:4      | Slain by Edmund

Illustrated notes

Levels and vault maps discovered:
D:1:      ldierk_walled_garden, layout_loops_cross, minmay_crystal_water,
          minivault_25
D:2:      layout_loops_corners, basic_altar, kennysheep_generic_room_15
D:3:      layout_basic, general_overflow_altar, minmay_diced_spiral, uniq_ijyb
D:4:      cheibrodos_pilgrimage, layout_gridville, nemelex_spade_bored_becter,
          mainiacjoe_overflow_24_doors, mainiacjoe_overflow_small_starburst,
          nicolae_ossuary_entry_monument, serial_co_window_serial,
          co_window_corner_a, co_window_paths_b, co_window_paths_a,
          co_window_paths_a, co_window_cross_1, co_window_of_opportunity_a,
          co_window_paths_a, co_window_corner_a, co_window_paths_a,
          co_window_corner_cb, co_window_unsneaky_path_d, co_window_corner_b,
          glass_columns_b, glass_columns_a, glass_columns_a, glass_columns_c,
          glass_columns_a, serial_shops, nicolae_shop_mannequins,
          hellmonk_no_cap, uniq_eustachio, uniq_menkaure, uniq_grinder,
          uniq_edmund

Skill      XL: |  1  2  3  4  5 |
---------------+----------------+-----
Shields        | 4 |  4.7
Long Blades    | 3 4 |  4.7
Fighting       | 4 |  4.4
Armour         | 4 5 |  5.0
Dodging        | |  0.7

Action                     |  1- 3 |  4- 6 || total
---------------------------+-------+-------++-------
  Melee: Long sword        |    64 |    89 ||   153
         Headbutt          |     6 |    13 ||    19
    Use: Scroll            |     2 |     4 ||     6
         Potion            |     1 |     1 ||     2
 Armour: Scale mail        |    30 |    33 ||    63
         Plate armour      |       |    25 ||    25
  Dodge: Dodged            |    39 |    35 ||    74
  Block: Buckler           |    18 |    14 ||    32
